 Dungeon Crawl Stone Soup version 0.29.0-10-g45618ea6d2 (webtiles) character file.

Game seed: 10956801600307259338

99 NotreDorf the Grave Robber (level 4, -29/33 HPs)
             Began as a Mummy Necromancer on Sept 1, 2022.
             Killed by an exploding gnoll (31 damage)
             ... ignited by their inner flame
             ... on level 2 of the Dungeon.
             The game lasted 00:06:55 (1366 turns).

NotreDorf the Grave Robber (Mummy Necromancer)      Turns: 1366, Time: 00:06:58

Health: -29/33     AC:  2    Str: 11    XL:     4   Next: 45%
Magic:  0/10       EV: 12    Int: 16    God:
Gold:   78         SH:  0    Dex: 12    Spells: 10/11 levels left

rFire   x . .      SeeInvis +   c - +1 mace
rCold   + . .      Faith    .   (no shield)
rNeg    + + +      Spirit   .   a - +0 robe
rPois   ∞          Reflect  .   (no helmet)
rElec   .          Harm     .   (no cloak)
rCorr   .          Rampage  .   (no gloves)
Will    .....                   (no boots)
Stlth   ++........              (no amulet)
HPRegen 0.11/turn               d - ring of see invisible
MPRegen 0.12/turn               (no ring)

@: no status effects
A: cold resistance 1, negative energy resistance 3, torment resistance 2, heat
vulnerability 1, in touch with death 1, no potions
a: no special abilities


You were on level 2 of the Dungeon.
You visited 1 branch of the dungeon, and saw 2 of its levels.

You collected 78 gold pieces.

Inventory:

Hand Weapons
 c - a +1 mace (weapon)
Armour
 a - a +0 robe (worn)
Jewellery
 d - a ring of see invisible (left hand)
Scrolls
 b - 2 scrolls of enchant weapon
 f - a scroll of identify {unknown}
 g - a scroll of vulnerability {unknown}
 h - a scroll of teleportation {unknown}


   Skills:
 + Level 2.1 Fighting
 - Level 1.5 Dodging
 - Level 1.5 Stealth
 + Level 4.1 Spellcasting
 + Level 4.7 Necromancy


You had 10 spell levels left.
You knew the following spells:

 Your Spells              Type           Power      Damage    Failure   Level
a - Necrotise             Necr           100%       1d9       2%          1

Your spell library contained the following spells:

 Spells                   Type           Power      Damage    Failure   Level
 Vampiric Draining        Necr           27%        2d7       7%          3
 Slow                     Hex            12%        N/A       17%         1
 Animate Dead             Necr           27%        N/A       24%         4
 Confusing Touch          Hex            3%         N/A       45%         3
 Agony                    Necr           27%        N/A       54%         5


Dungeon Overview and Level Annotations

Branches:
Dungeon (2/15)

Altars:


Innate Abilities, Weirdness & Mutations

You are immune to poison.
Your flesh is cold resistant. (rC+)
You are immune to negative energy. (rN+++)
You are immune to unholy pain and torment.
You are vulnerable to heat. (rF-)
You are in touch with the powers of death.
You do not drink.


Message History

Casting: Necrotise (safe; 2% risk of failure)
Confirm with . or Enter, or press ? or * to list all spells.
Aiming: Necrotise (safe; 2% risk of failure)
Press: ? - help, Shift-Dir - straight line, f - gnoll
Aim: a gnoll, wielding a +0 flail (chance to affect: 88%)
You feel a surge of power!
The gnoll writhes in agony.
Casting: Necrotise (safe; 2% risk of failure)
Confirm with . or Enter, or press ? or * to list all spells.
Aiming: Necrotise (safe; 2% risk of failure)
Press: ? - help, Shift-Dir - straight line, f/p - gnoll
Aim: a gnoll, wielding a +0 flail (moderately wounded, ally target, chance to affect: 88%)
You feel a surge of power!
The gnoll writhes in agony.
The gnoll hits you with a +0 flail! The gnoll hits you with a +0 flail!
Casting: Necrotise (safe; 2% risk of failure)
Confirm with . or Enter, or press ? or * to list all spells.
Aiming: Necrotise (safe; 2% risk of failure)
Press: ? - help, Shift-Dir - straight line, f/p - gnoll
Aim: a gnoll, wielding a +0 flail (severely wounded, ally target, chance to affect: 88%)
You feel a surge of power!
The gnoll barely resists.
The gnoll hits you with a +0 flail!
* * * LOW HITPOINT WARNING * * *
Your gnoll skeleton barely misses the gnoll.
Casting: Necrotise (safe; 2% risk of failure)
Confirm with . or Enter, or press ? or * to list all spells.
You don't have enough magic to cast this spell.
A gnoll is nearby!
As you read the scroll labelled DYTYCKU TUUHEB, it crumbles to dust.
The creatures around you are filled with an inner flame!
It was a scroll of immolation.
The gnoll closely misses you.
As you read the scroll labelled FULOWN XIDDU, it crumbles to dust.
It is a scroll of enchant weapon.
Your +0 mace glows red for a moment.
Your gnoll skeleton hits the gnoll.
Flame seeps out of the gnoll.
The gnoll is engulfed in blazing flames.
The gnoll explodes!
The fiery explosion engulfs your gnoll skeleton!!
The fiery explosion engulfs you!! The fire burns you terribly!
Ouch! That really hurt!
You die...

.........#.)..†......#
....#.......#.##!....#
#####!#..##.#.##.....#
#.#.......########
#.##.##.### #.##.##.#
###.##.##.#
.....(....######
####...)).Z.@#
#.#######○# #. #§# #.
... #. #.## .. ### #.
#.


You could see a friendly gnoll skeleton (inner flame).

Vanquished Creatures
  4 adders (D:2)
  4 gnolls (D:2)
  A worm (D:2)
  6 ball pythons
  An endoplasm (D:1)
  2 giant cockroaches (D:1)
  4 hobgoblins
  2 kobolds (D:2)
  4 bats
  4 goblins
32 creatures vanquished.

Vanquished Creatures (collateral kills)
  An endoplasm (D:2)
1 creature vanquished.

Vanquished Creatures (others)
  2 demonic plants (D:2)
2 creatures vanquished.

Grand Total: 35 creatures vanquished

Notes
Turn   | Place    | Note
-------+----------+-------------------------------------------
     0 | D:1      | NotreDorf the Mummy Necromancer began the quest for the
                  | Orb.
     0 | D:1      | Reached XP level 1. HP: 13/13 MP: 4/4
   152 | D:1      | Reached XP level 2. HP: 20/20 MP: 1/6
   552 | D:1      | Reached skill level 1 in Fighting
   843 | D:2      | Gained mutation: You are in touch with the powers of death.
                  | [Mummy growth]
   843 | D:2      | Reached XP level 3. HP: 21/26 MP: 2/7
  1192 | D:2      | Found a faded altar of an unknown god.
  1192 | D:2      | Noticed a sixfirhy
  1248 | D:2      | Reached XP level 4. HP: 33/33 MP: 3/9
  1364 | D:2      | HP: 1/33 [gnoll/+0 flail (9)]
  1366 | D:2      | Killed by an exploding gnoll... ignited by their inner
                  | flame

Illustrated notes

Levels and vault maps discovered:
D:1:      mrwooster_arrival_statue_3, layout_rooms
D:2:      layout_loops_cross, serial_aquarium, aquarium_bridge_long_separate
          [aquarium_subvault_wall, aquarium_subvault_wall,
          aquarium_subvault_bridge, aquarium_subvault_wall,
          aquarium_subvault_balcony, aquarium_subvault_bridge],
          aquarium_bridge_island_small [aquarium_subvault_small_open,
          aquarium_subvault_window, aquarium_subvault_wall,
          aquarium_subvault_bridge, aquarium_subvault_window],
          aquarium_window_corner, aquarium_window_1, aquarium_window_1,
          aquarium_view_2d, dreamdust_ecumenical_altar_sealed_demon

Skill      XL: |  1  2  3  4 |
---------------+-------------+-----
Spellcasting   | 3 4 |  4.1
Fighting       | 1 2 |  2.1
Dodging        | |  1.5
Stealth        | |  1.5
Necromancy     | |  4.7

Action                   |  1- 3 |  4- 6 || total
-------------------------+-------+-------++-------
Melee: Mace              |     4 |       ||     4
 Cast: Necrotise         |    50 |    12 ||    62
  Use: Scroll            |       |     2 ||     2
Armor: Robe              |     1 |       ||     1
Dodge: Dodged            |     7 |     1 ||     8
